 Dungeon Crawl Stone Soup version 0.20.1-1-g8b1a95d (webtiles) character file.

672 Minstaer the Slasher (level 7, -4/66 HPs)
             Began as a Minotaur Gladiator on Nov 4, 2017.
             Slain by a gnoll
             ... wielding a +0 spear
              (9 damage)
             ... on level 4 of the Dungeon.
             The game lasted 00:13:02 (2923 turns).

Minstaer the Slasher (Minotaur Gladiator)           Turns: 2923, Time: 00:13:03

Health: -4/66      AC:  6    Str: 18    XL:     7   Next: 32%
Magic:  6/6        EV: 12    Int:  5    God:
Gold:   172        SH:  0    Dex: 14    Spells: 6/6 levels left

rFire    . . .     SeeInvis .   a - +0 long sword
rCold    + . .     Gourm    .   (no shield)
rNeg     . . .     Faith    .   k - +0 ring mail
rPois    .         Spirit   .   c - +0 hat
rElec    .         Reflect  .   i - +0 cloak
rCorr    .         Harm     .   (no gloves)
MR       .....                  (no boots)
Stlth    +.........             (no amulet)
Regen    0.3/turn               (no ring)
MPRegen  0.1/turn               x - ring of protection from cold

@: no status effects
A: retaliatory headbutt, horns 2
a: no special abilities


You were on level 4 of the Dungeon.
You were not hungry.

You visited 1 branch of the dungeon, and saw 4 of its levels.

You collected 172 gold pieces.

Inventory:

Hand Weapons
 a - a +0 long sword (weapon)
 e - a +2 mace of protection
 C - a +1 war axe of chopping
 D - a +2 quarterstaff of chaos
 I - a +0 hand axe of flaming
 K - a +0 falchion
Missiles
 d - a throwing net (quivered)
 n - 15 poisoned needles
 y - 39 arrows
 z - 3 tomahawks
 B - 14 bolts
Armour
 b - a +0 leather armour
 c - a +0 hat (worn)
 i - a +0 cloak (worn)
 k - a +0 ring mail (worn)
 G - a +0 cloak
Jewellery
 g - a -3 ring of evasion
 l - a +6 ring of intelligence
 t - an uncursed ring of wizardry
 x - a ring of protection from cold (right hand)
 L - a +3 ring of dexterity {unknown}
Scrolls
 h - 3 scrolls of teleportation
 j - a scroll of fog {unknown}
 o - 4 scrolls of fear
 p - a scroll of magic mapping {unknown}
 r - a scroll of enchant weapon {unknown}
 u - a scroll of remove curse
 E - a scroll of amnesia {unknown}
 M - a scroll of recharging {unknown}
Potions
 q - a potion of flight
 w - a potion of heal wounds
 A - a potion of haste
 F - 2 potions of curing
 J - a potion of degeneration {unknown}
Comestibles
 f - 2 bread rations
 m - 4 meat rations
 s - 4 fruits
 v - a royal jelly
 H - 8 chunks of flesh


   Skills:
 + Level 7.4 Fighting
 + Level 7.5 Long Blades
 - Level 2.0 Throwing
 - Level 3.2 Dodging


You had 6 spell levels left.
You didn't know any spells.

Dungeon Overview and Level Annotations

Branches:
Dungeon (4/15)
 Temple: D:4-7

Altars:

Shops:
D:4 (


Innate Abilities, Weirdness & Mutations

You reflexively headbutt those who attack you in melee.
You have a pair of horns on your head.


Message History

The gnoll barely misses you.
You hit the gnoll but do no damage. Your headbutt misses the gnoll.
The gnoll is moderately wounded.
The gnoll closely misses you. The gnoll barely misses you.
You closely miss the gnoll.
The gnoll is moderately wounded.
The gnoll hits you but does no damage. The gnoll hits you with a whip.
* * * LOW HITPOINT WARNING * * *
You hit the gnoll. You headbutt the gnoll!
You kill the gnoll!
The gnoll hits you but does no damage. The gnoll hits you with a spear.
* * * LOW HITPOINT WARNING * * *
There is an open door, spattered with blood here.
Items here: )) †† a whip; a flail; a gnoll corpse x2
You barely miss the gnoll. You headbutt the gnoll.
The gnoll is moderately wounded.
The gnoll hits you with a spear!
You die...

.....#.....## #.....#
.....#......# #.....#
.....#......# +.....#
.)...###'##########.....#
).......................#
.)...........)..........#
........................#
....∩...........g.......#
.##'##+#########@##.....#
.#.............)).#.....#
.#.............(..'.....#
.#................#.....#
.#................#.....#
.##################.....#
#######


You could see a gnoll.

Vanquished Creatures
  The ghost of Minstaer the Slasher, an amateur HuMo of Xom (D:3)
  4 orc wizards (D:4)
  A gnoll shaman (D:4)
  2 orc priests (D:4)
  Crazy Yiuf (D:3)
  A hound (D:4)
  Natasha (twice) (D:3)
  3 gnolls (D:4)
  3 adders
  An ooze (D:2)
  2 dart slugs
  2 leopard geckos
  17 orcs
  7 bats
  3 giant cockroaches
  10 goblins
  5 hobgoblins
  6 jackals
  A quokka (D:3)
  3 ball pythons
  4 frilled lizards
  3 kobolds
  4 rats
  A fungus (D:3)
87 creatures vanquished.

Vanquished Creatures (others)
  A fungus (D:3)
1 creature vanquished.

Grand Total: 88 creatures vanquished

Notes
Turn   | Place    | Note
-------+----------+-------------------------------------------
     0 | D:1      | Minstaer the Minotaur Gladiator began the quest for the Orb.
     0 | D:1      | Reached XP level 1. HP: 18/18 MP: 0/0
     3 | D:1      | Noticed an electric eel
     8 | D:1      | Noticed an electric eel
   196 | D:1      | Reached XP level 2. HP: 25/25 MP: 1/1
   739 | D:2      | Reached XP level 3. HP: 31/33 MP: 2/2
  1176 | D:3      | Found a faded altar of an unknown god.
  1299 | D:3      | Reached XP level 4. HP: 40/40 MP: 3/3
  1334 | D:3      | Noticed Minstaer's ghost (amateur HuMo)
  1479 | D:3      | Killed Minstaer's ghost
  1479 | D:3      | Reached XP level 5. HP: 16/50 MP: 4/4
  1479 | D:3      | Reached XP level 6. HP: 18/57 MP: 5/5
  1978 | D:3      | Noticed Natasha
  1980 | D:3      | Killed Natasha
  2154 | D:3      | Found a runed door.
  2164 | D:3      | Noticed Crazy Yiuf
  2164 | D:3      | Noticed Natasha
  2395 | D:3      | Killed Natasha
  2546 | D:3      | Killed Crazy Yiuf
  2695 | D:4      | Reached XP level 7. HP: 48/64 MP: 6/6
  2707 | D:4      | Found Wokkaykeu's Weapon Boutique.
  2923 | D:4      | Slain by a gnoll

Skill      XL: |  1  2  3  4  5  6  7 |
---------------+----------------------+-----
Fighting       | 3 4 6 7 |  7.4
Long Blades    | 4 6 7 |  7.5
Throwing       | |  2.0
Dodging        | |  3.2

Action                   |  1- 3 |  4- 6 |  7- 9 || total
-------------------------+-------+-------+-------++-------
Melee: Long sword        |    67 |    93 |    37 ||   197
       Headbutt          |    18 |    23 |    10 ||    51
Throw: Throwing net      |       |     2 |       ||     2
  Use: Scroll            |       |     6 |       ||     6
  Eat: Chunk             |     1 |     4 |     1 ||     6
       Fruit             |       |     1 |       ||     1
Armor: Leather armour    |     2 |       |       ||     2
       Ring mail         |    17 |    19 |    11 ||    47
Dodge: Dodged            |    47 |    47 |    25 ||   119
       Rpst.: Long sword |    14 |     9 |     4 ||    27
